AoeStats
← simon.castro260601

Black Forest

507120728Analyzed
2v2 RM · 14d ago on Sep 16, 2026· 68m 10s· 4 players
Game mode
Random Map
Map size
Medium (4 player)
Population
200
Speed
Normal
Resources
Standard
Victory
Conquest
Starting age
Dark Age
Ending age
Imperial Age
RankedLock teamsTeams togetherTeam positionsShared explorationLock speedFull tech treeHidden civsTurbo modeCheats
Victory
Defeat
🇲🇽 Goths · Mexico
786
+16
🇲🇽 Khmer · Mexico
783
+16
🇸🇦 Vietnamese · Saudi Arabia
815
-17
🇸🇦 Inca · Saudi Arabia
770
-15
andresnunezrubio23
3:04 Loom
6:20 Loom
11:17 Feudal Age
16:43 Double-Bit Axe
17:57 Horse Collar
20:59 Gold Mining
21:00 Stone Mining
26:56 Castle Age
27:43 Castle Age
26:20 Wheelbarrow
26:25 Bloodlines
27:48 Scale Barding Armor
29:08 Chain Barding Armor
28:52 Husbandry
28:52 Light Cavalry
31:56 Gold Shaft Mining
32:29 Tusk Swords
34:20 Heavy Plow
36:18 Hand Cart
39:12 Caravan
49:54 Imperial Age
48:42 Town Watch
49:24 Town Patrol
52:21 Elite Battle Elephant
52:49 Heavy Scorpion
58:26 Crop Rotation
58:33 Bow Saw
58:46 Elite Battle Elephant
63:27 Double Crossbow
simon.castro260601
3:19 Loom
13:28 Feudal Age
14:01 Double-Bit Axe
18:43 Gold Mining
19:02 Man-at-Arms
20:53 Horse Collar
34:18 Castle Age
34:10 Scale Mail Armor
34:20 Forging
36:27 Heavy Plow
36:41 Bow Saw
37:09 Stone Mining
37:40 Chain Mail Armor
38:01 Iron Casting
38:46 Caravan
39:59 Wheelbarrow
41:49 Anarchy
45:37 Imperial Age
46:21 Perfusion
45:51 Elite Huskarl
48:02 Two-Man Saw
58:35 Crop Rotation
59:47 Blast Furnace
60:14 Pikeman
60:55 Squires
61:47 Halberdier
PENAROZAx
8:12 Loom
11:32 Feudal Age
16:18 Castle Age
16:08 Double-Bit Axe
17:28 Fletching
18:10 Padded Archer Armor
18:17 Crossbowman
31:27 Stone Mining
32:16 Bodkin Arrow
33:30 Ballistics
38:31 Gold Mining
41:37 Wheelbarrow
40:58 Horse Collar
44:30 Bow Saw
44:04 Elite Skirmisher
48:06 Imperial Age
47:42 Hand Cart
48:07 Stone Shaft Mining
47:42 Heavy Plow
48:10 Leather Archer Armor
48:05 Thumb Ring
50:23 Imperial Skirmisher
51:27 Bracer
51:30 Murder Holes
52:36 Chemistry
52:11 Scale Barding Armor
52:17 Forging
53:55 Chain Barding Armor
53:46 Husbandry
53:57 Bloodlines
54:21 Light Cavalry
56:01 Iron Casting
59:02 Cavalier
67:34 Plate Barding Armor
TartarRush
13:09 Feudal Age
11:44 Loom
14:36 Double-Bit Axe
14:48 Gold Mining
20:00 Castle Age
17:47 Horse Collar
19:29 Forging
19:20 Scale Mail Armor
25:14 Heavy Plow
27:23 Iron Casting
27:05 Chain Mail Armor
26:15 Champi Runner
28:11 Bow Saw
27:32 Champi Warrior
32:55 Wheelbarrow
32:38 Masonry
35:13 Imperial Age
33:06 Fletching
33:18 Padded Archer Armor
33:31 Squires
33:17 Arson
35:32 Gold Shaft Mining
35:19 Capped Ram
36:35 Bodkin Arrow
37:43 Blast Furnace
37:14 Plate Mail Armor
36:56 Elite Champi Warrior
38:50 Bodkin Arrow
39:11 Leather Archer Armor
38:38 Siege Ram
41:32 Bracer
43:43 Caravan
48:11 Chemistry
47:35 Ballistics
51:48 Illumination
52:07 Theocracy
51:49 Block Printing
57:11 Fabric Shields
58:24 Conscription
60:53 Elite Kamayuk
63:54 Murder Holes
67:09 Pikeman
Connection lost

Rejoining the realm…

Still unreachable

The connection could not be restored.

Session expired

The server has moved on; the page needs a fresh start.